PA
CUT OFF CRAWDADS @ ROCKY MOUNTAIN VIBES
05/08/2042
 
TOP OF THE 1ST
Cut Off Crawdads batting - Pitching for Rocky Mountain Vibes : RHP Jalmari Lostedt
Pitching: RHP Jalmari Lostedt
Batting: SHB David Knight 0-0: Ground out 4-3 (Groundball, 4, EV 78.1 MPH)
Batting: RHB Vicente Perales 0-0: Ball
1-0: Foul Ball, location: 2F
1-1: Ball
2-1: Ball
3-1: Fly out, F9 (Flyball, 9S, EV 93.1 MPH)
Batting: LHB Sam Wells 0-0: Called Strike
0-1: Ball
1-1: Fly out, F8 (Flyball, 8LD, EV 91.9 MPH)
Top of the 1st over - 0 runs, 0 hits, 0 errors, 0 left on base; Cut Off 0 - Rocky Mountain 0
BOTTOM OF THE 1ST
Rocky Mountain Vibes batting - Pitching for Cut Off Crawdads : LHP Bryant Jackson
Pitching: LHP Bryant Jackson
Batting: RHB Mark Fontenot 0-0: Called Strike
0-1: Ball
1-1: Fly out, F4 (Line Drive, 4, EV 75.0 MPH)
Batting: RHB David Mooney 0-0: Foul Ball, location: 2F
0-1: Foul Ball, location: 2F
0-2: Fly out, F8 (Line Drive, 8LM, EV 88.1 MPH)
Batting: RHB Magnus Fjord 0-0: Ball
1-0: Ball
2-0: Called Strike
2-1: Swinging Strike
2-2: Strikes out looking
Bottom of the 1st over - 0 runs, 0 hits, 0 errors, 0 left on base; Cut Off 0 - Rocky Mountain 0
TOP OF THE 2ND
Cut Off Crawdads batting - Pitching for Rocky Mountain Vibes : RHP Jalmari Lostedt
Batting: RHB Kennet Udinga 0-0: Foul Ball, location: 2F
0-1: SINGLE (Line Drive, 8RS, EV 100.0 MPH)
Batting: RHB Jermaine Vassell 0-0: Ball
1-0: Ball
2-0: Ball
3-0: Called Strike
3-1: Swinging Strike
3-2: Foul Ball, location: 2F
3-2: Foul Ball, location: 2F
3-2: Base on Balls
Kennet Udinga to second
Batting: RHB Juan David Fernán 0-0: Ball
1-0: Ball
2-0: SINGLE (Groundball, 56D, EV 94.4 MPH)
Kennet Udinga to third
Jermaine Vassell to second
Runner from 3rd tries for Home, SAFE, throw by LF to home
Batting: RHB Heng-zong Pao 0-0: Foul Ball, location: 2F
0-1: Ball
1-1: Swinging Strike
1-2: Foul Ball, location: 2F
1-2: SINGLE (Groundball, 5D, EV 96.9 MPH)
Jermaine Vassell to third
Juan David Fernán to second
Runner from 3rd tries for Home, SAFE, throw by LF to home
Batting: RHB Tim Hankins 0-0: Hit by Pitch
Juan David Fernán to third
Heng-zong Pao to second
Batting: RHB Bill Wolf 0-0: Called Strike
0-1: Ball
1-1: Foul Ball, location: 2F
1-2: Ball
2-2: Ball
3-2: Foul Ball, location: 2F
3-2: Grounds into double play, 6-4-3 (Groundball, 6, EV 84.4 MPH)
Juan David Fernán scores
Heng-zong Pao to third
Batting: SHB David Knight 0-0: Ball
1-0: Ground out U3 (Groundball, 34, EV 103.8 MPH)
Top of the 2nd over - 3 runs, 3 hits, 0 errors, 1 left on base; Cut Off 3 - Rocky Mountain 0
BOTTOM OF THE 2ND
Rocky Mountain Vibes batting - Pitching for Cut Off Crawdads : LHP Bryant Jackson
Batting: RHB Benoît Baudry 0-0: Ball
1-0: Ball
2-0: Called Strike
2-1: Ball
3-1: Foul Ball, location: 2F
3-2: Foul Ball, location: 2F
3-2: Foul Ball, location: 2F
3-2: Foul Ball, location: 2F
3-2: Fly out, F8 (Flyball, 8RM, EV 92.5 MPH)
Batting: RHB Kenny Wright 0-0: Called Strike
0-1: Foul Ball, location: 2F
0-2: Ball
1-2: SOLO HOME RUN (Flyball, 89XD, EV 105.6 MPH), Distance : 433 ft
Batting: LHB Alexandre Prost 0-0: Called Strike
0-1: Ground out 6-3 (Groundball, 6, EV 81.9 MPH)
Batting: RHB Robert Green 0-0: Ball
1-0: Ball
2-0: Foul Ball, location: 2F
2-1: Ground out 3-1 (Groundball, 34, EV 88.1 MPH)
Bottom of the 2nd over - 1 run, 1 hit, 0 errors, 0 left on base; Cut Off 3 - Rocky Mountain 1
TOP OF THE 3RD
Cut Off Crawdads batting - Pitching for Rocky Mountain Vibes : RHP Jalmari Lostedt
Batting: RHB Vicente Perales 0-0: Ball
1-0: Fly out, F4 (Popup, 34S, EV 81.2 MPH)
Batting: LHB Sam Wells 0-0: Fly out, F9 (Line Drive, 9, EV 96.9 MPH)
Batting: RHB Kennet Udinga 0-0: Called Strike
0-1: Ground out 6-3 (Groundball, 6, EV 78.8 MPH)
Top of the 3rd over - 0 runs, 0 hits, 0 errors, 0 left on base; Cut Off 3 - Rocky Mountain 1
BOTTOM OF THE 3RD
Rocky Mountain Vibes batting - Pitching for Cut Off Crawdads : LHP Bryant Jackson
Batting: RHB Juan Rea 0-0: Ball
1-0: Swinging Strike
1-1: Ball
2-1: SINGLE (Groundball, 34D, EV 108.1 MPH)
Batting: RHB Jud Fisher 0-0: Called Strike
0-1: DOUBLE (Flyball, 78D, EV 106.9 MPH)
Juan Rea to third
Batting: RHB Mark Fontenot 0-0: Ball
1-0: Called Strike
1-1: Foul Ball, location: 2F
1-2: Fly out, F8 (Flyball, 89D, EV 89.4 MPH)
Runner from 3rd tags up, SCORES, throw by CF
Batting: RHB David Mooney 0-0: SINGLE (Groundball, 6MD, EV 97.5 MPH)
Jud Fisher to third
Batting: RHB Magnus Fjord 0-0: Ball
1-0: Called Strike
1-1: SINGLE (Flyball, 8RS, EV 93.1 MPH)
Jud Fisher scores
David Mooney to second
Batting: RHB Benoît Baudry 0-0: Called Strike
0-1: Called Strike
0-2: Foul Ball, location: 2F
0-2: Ball
1-2: Foul Ball, location: 2F
1-2: Strikes out looking
Batting: RHB Kenny Wright 0-0: Ball
1-0: Fly out, F7 (Flyball, 7D, EV 91.9 MPH)
Bottom of the 3rd over - 2 runs, 4 hits, 0 errors, 2 left on base; Cut Off 3 - Rocky Mountain 3
TOP OF THE 4TH
Cut Off Crawdads batting - Pitching for Rocky Mountain Vibes : RHP Jalmari Lostedt
Batting: RHB Jermaine Vassell 0-0: Ball
1-0: Called Strike
1-1: Ball
2-1: Ball
3-1: Foul Ball, location: 2F
3-2: Strikes out swinging
Batting: RHB Juan David Fernán 0-0: Ball
1-0: Ball
2-0: Called Strike
2-1: SINGLE (Groundball, 56D, EV 106.2 MPH)
Batting: RHB Heng-zong Pao 0-0: Fly out, F8 (Flyball, 8RS, EV 76.2 MPH)
Batting: RHB Tim Hankins 0-0: Ball
Juan David Fernán is caught stealing 2nd base 2-4
Top of the 4th over - 0 runs, 1 hit, 0 errors, 0 left on base; Cut Off 3 - Rocky Mountain 3
BOTTOM OF THE 4TH
Rocky Mountain Vibes batting - Pitching for Cut Off Crawdads : LHP Bryant Jackson
Batting: LHB Alexandre Prost 0-0: Ball
1-0: Swinging Strike
1-1: Ball
2-1: Swinging Strike
2-2: Fly out, F7 (Flyball, 7LM, EV 83.8 MPH)
Batting: RHB Robert Green 0-0: Ground out U3 (Groundball, 34S, EV 90.6 MPH)
Batting: RHB Juan Rea 0-0: Ball
1-0: Ball
2-0: Called Strike
2-1: Swinging Strike
2-2: Strikes out looking
Bottom of the 4th over - 0 runs, 0 hits, 0 errors, 0 left on base; Cut Off 3 - Rocky Mountain 3
TOP OF THE 5TH
Cut Off Crawdads batting - Pitching for Rocky Mountain Vibes : RHP Jalmari Lostedt
Batting: RHB Tim Hankins 0-0: Foul Ball, location: 2F
0-1: Called Strike
0-2: Ball
1-2: Strikes out swinging
Batting: RHB Bill Wolf 0-0: Foul Ball, location: 2F
0-1: Swinging Strike
0-2: Strikes out swinging
Batting: SHB David Knight 0-0: Ball
1-0: Foul Ball, location: 2F
1-1: Foul Ball, location: 2F
1-2: Ball
2-2: Ground out 6-3 (Groundball, 6S, EV 70.6 MPH)
Top of the 5th over - 0 runs, 0 hits, 0 errors, 0 left on base; Cut Off 3 - Rocky Mountain 3
BOTTOM OF THE 5TH
Rocky Mountain Vibes batting - Pitching for Cut Off Crawdads : LHP Bryant Jackson
Batting: RHB Jud Fisher 0-0: Ball
1-0: Ground out 6-3 (Groundball, 56, EV 105.0 MPH)
Batting: RHB Mark Fontenot 0-0: Called Strike
0-1: SOLO HOME RUN (Flyball, 7LD, EV 100.0 MPH), Distance : 351 ft
Batting: RHB David Mooney 0-0: Ball
1-0: Foul Ball, location: 2F
1-1: Foul Ball, location: 2F
1-2: Strikes out looking
Batting: RHB Magnus Fjord 0-0: Ball
1-0: Ball
2-0: Called Strike
2-1: SINGLE (Groundball, 56D, EV 115.0 MPH)
Batting: RHB Benoît Baudry 0-0: Ball
Magnus Fjord steals 2nd base (no throw)
1-0: Ball
2-0: Ball
3-0: Called Strike
3-1: Foul Ball, location: 2F
3-2: Foul Ball, location: 2F
3-2: Foul Ball, location: 2F
3-2: Fly out, F7 (Line Drive, 7D, EV 89.4 MPH)
Bottom of the 5th over - 1 run, 2 hits, 0 errors, 1 left on base; Cut Off 3 - Rocky Mountain 4
TOP OF THE 6TH
Cut Off Crawdads batting - Pitching for Rocky Mountain Vibes : RHP Jalmari Lostedt
Batting: RHB Vicente Perales 0-0: Called Strike
0-1: Ground out 4-3 (Groundball, 4, EV 90.0 MPH)
Batting: LHB Sam Wells 0-0: Ball
1-0: Called Strike
1-1: SINGLE (Groundball, 4D, EV 102.5 MPH)
Batting: RHB Kennet Udinga 0-0: Called Strike
0-1: Swinging Strike
0-2: Ball
1-2: Ball
2-2: Ball
3-2: Foul Ball, location: 2F
3-2: Fly out, F3 (Popup, 3SF, EV 82.5 MPH)
Batting: RHB Jermaine Vassell 0-0: Ball
1-0: Ball
2-0: Called Strike
2-1: Swinging Strike
2-2: Ball
3-2: Base on Balls
Sam Wells to second
Batting: RHB Juan David Fernán 0-0: Ball
1-0: SINGLE (Groundball, 56D, EV 108.8 MPH)
Sam Wells to third
Jermaine Vassell to second
Runner from 3rd tries for Home, SAFE, throw by LF to home
Batting: RHB Heng-zong Pao 0-0: Ball
1-0: Ball
2-0: Swinging Strike
2-1: Ball
3-1: Fly out, F8 (Line Drive, 8LD, EV 108.1 MPH)
Top of the 6th over - 1 run, 2 hits, 0 errors, 2 left on base; Cut Off 4 - Rocky Mountain 4
BOTTOM OF THE 6TH
Rocky Mountain Vibes batting - Pitching for Cut Off Crawdads : LHP Bryant Jackson
Batting: RHB Kenny Wright 0-0: Ball
1-0: Foul Ball, location: 2F
1-1: Ball
2-1: Fly out, F9 (Flyball, 9S, EV 89.4 MPH)
Batting: LHB Alexandre Prost 0-0: Ball
1-0: Swinging Strike
1-1: Ground out U3 (Groundball, 3, EV 85.6 MPH)
Batting: RHB Robert Green 0-0: Ball
1-0: Swinging Strike
1-1: Fly out, F9 (Flyball, 9LS, EV 84.4 MPH)
Bottom of the 6th over - 0 runs, 0 hits, 0 errors, 0 left on base; Cut Off 4 - Rocky Mountain 4
TOP OF THE 7TH
Cut Off Crawdads batting - Pitching for Rocky Mountain Vibes : RHP Jalmari Lostedt
Batting: RHB Tim Hankins 0-0: Ball
1-0: Foul Ball, location: 2F
1-1: Ball
2-1: Foul Ball, location: 2F
2-2: Strikes out swinging
Batting: RHB Bill Wolf 0-0: Ball
1-0: Ball
2-0: Foul Ball, location: 2F
2-1: Ball
3-1: Base on Balls
Pitching: RHP Doug Ross
Batting: SHB David Knight 0-0: Called Strike
Bill Wolf steals 2nd base
0-1: Swinging Strike
0-2: Strikes out swinging
Batting: RHB Vicente Perales 0-0: Ball
1-0: Called Strike
1-1: Swinging Strike
1-2: Strikes out swinging
Top of the 7th over - 0 runs, 0 hits, 0 errors, 1 left on base; Cut Off 4 - Rocky Mountain 4
BOTTOM OF THE 7TH
Rocky Mountain Vibes batting - Pitching for Cut Off Crawdads : LHP Bryant Jackson
Batting: RHB Juan Rea 0-0: Foul Ball, location: 2F
0-1: Ball
1-1: Foul Ball, location: 2F
1-2: Foul Ball, location: 2F
1-2: Ball
2-2: Ball
3-2: Foul Ball, location: 2F
3-2: Foul Ball, location: 2F
3-2: Foul Ball, location: 2F
3-2: Ground out 6-3 (Groundball, 4M, EV 96.9 MPH)
Pitching: LHP Héctor Sanz
Batting: RHB Jud Fisher 0-0: Ball
1-0: Called Strike
1-1: Swinging Strike
1-2: Ball
2-2: Strikes out looking
Batting: RHB Mark Fontenot 0-0: Called Strike
0-1: Foul Ball, location: 2F
0-2: Ball
1-2: Ball
2-2: Ball
3-2: Base on Balls
Batting: RHB David Mooney 0-0: Called Strike
0-1: Ball
1-1: Ball
2-1: DOUBLE (Flyball, 7LD, EV 104.4 MPH)
Mark Fontenot to third
Runner from 3rd tries for Home, SAFE, throw by LF to home
Batting: RHB Magnus Fjord 0-0: Ball
1-0: DOUBLE (Line Drive, 78M, EV 89.4 MPH)
David Mooney scores
Batting: RHB Benoît Baudry 0-0: Ball
1-0: Ball
2-0: Foul Ball, location: 2F
2-1: Ground out 6-3 (Groundball, 56, EV 103.8 MPH)
Bottom of the 7th over - 2 runs, 2 hits, 0 errors, 1 left on base; Cut Off 4 - Rocky Mountain 6
TOP OF THE 8TH
Cut Off Crawdads batting - Pitching for Rocky Mountain Vibes : RHP Doug Ross
Now at 3B: Kyle Michaud
Batting: LHB Sam Wells 0-0: Swinging Strike
0-1: Swinging Strike
0-2: Strikes out looking
Batting: RHB Kennet Udinga 0-0: Ball
1-0: Called Strike
1-1: Ball
2-1: Ball
3-1: DOUBLE (Flyball, 8LXD, EV 101.2 MPH)
Batting: RHB Jermaine Vassell 0-0: Foul Ball, location: 2F
0-1: Foul Ball, location: 2F
0-2: Strikes out looking
Batting: RHB Juan David Fernán 0-0: Ball
1-0: Ball
2-0: Swinging Strike
2-1: Called Strike
2-2: Strikes out swinging, 2-3 out at first.
Top of the 8th over - 0 runs, 1 hit, 0 errors, 1 left on base; Cut Off 4 - Rocky Mountain 6
BOTTOM OF THE 8TH
Rocky Mountain Vibes batting - Pitching for Cut Off Crawdads : LHP Héctor Sanz
Batting: RHB Kenny Wright 0-0: Called Strike
0-1: Fly out, F8 (Flyball, 8RXD, EV 100.0 MPH)
Batting: LHB Alexandre Prost 0-0: Called Strike
0-1: Foul Ball, location: 2F
0-2: Ball
1-2: Foul Ball, location: 2F
1-2: Ball
2-2: Strikes out swinging
Batting: RHB Robert Green 0-0: Swinging Strike
0-1: Foul Ball, location: 2F
0-2: Ball
1-2: Ball
2-2: Foul Ball, location: 2F
2-2: Reached on error, E4 (Groundball, 4S, EV 76.9 MPH)
Batting: RHB Juan Rea 0-0: Ball
1-0: Ball
2-0: Ball
3-0: Called Strike
3-1: Called Strike
3-2: Strikes out swinging
Bottom of the 8th over - 0 runs, 0 hits, 1 error, 1 left on base; Cut Off 4 - Rocky Mountain 6
TOP OF THE 9TH
Cut Off Crawdads batting - Pitching for Rocky Mountain Vibes : RHP Doug Ross
Pitching: LHP Kenny Pollock
Batting: RHB Heng-zong Pao 0-0: Ground out 6-3 (Groundball, 6, EV 101.9 MPH)
Batting: RHB Tim Hankins 0-0: Ball
1-0: Ball
2-0: Foul Ball, location: 2F
2-1: SINGLE (Groundball, 56D, EV 94.4 MPH)
Pinch Hitting: RHB José Bermúdez 0-0: Ball
1-0: Foul Ball, location: 2F
1-1: Ball
2-1: Foul Ball, location: 2F
2-2: Fly out, F5 (Line Drive, 5, EV 70.0 MPH)
Batting: SHB David Knight 0-0: Called Strike
0-1: Ball
1-1: Foul Ball, location: 2F
1-2: Fly out, F5 (Line Drive, 5, EV 70.6 MPH)
Top of the 9th over - 0 runs, 1 hit, 0 errors, 1 left on base; Cut Off 4 - Rocky Mountain 6
Friday, March 26th, 2021 - OOTP Baseball 20.8 Build 74